 Dungeon Crawl Stone Soup version 0.24-a0-291-g79c1ce7 (webtiles) character file.

Game seed: 354287106774986062

265 frenix the Skirmisher (level 6, 0/32 HPs)
             Began as a Vine Stalker Fighter on May 9, 2019.
             Succumbed to a worker ant's poison
             ... on level 4 of the Dungeon.
             The game lasted 00:05:12 (2562 turns).

frenix the Skirmisher (Vine Stalker Fighter)        Turns: 2562, Time: 00:05:13

Health: 0/32       AC:  8    Str: 26    XL:     6   Next: 20%
Magic:  0/7        EV:  8    Int:  8    God:
Gold:   159        SH: 10    Dex: 16    Spells: 5/5 levels left

rFire    . . .     SeeInvis .   e - +2 dagger (venom)
rCold    . . .     Gourm    .   c - +0 shield
rNeg     . . .     Faith    .   b - +0 scale mail
rPois    .         Spirit   +   (no helmet)
rElec    .         Reflect  .   (no cloak)
rCorr    .         Harm     .   k - +0 pair of gloves
MR       .....                  (no boots)
Stlth    ..........             (no amulet)
HPRegen  0.50/turn              n - +3 ring of dexterity
MPRegen  0.10/turn              (no ring)

@: mighty, lethally poisoned (0 -> -10)
A: fangs 2, regeneration 1, magic shield, antimagic bite, no potion heal 3, rot
immunity
a: no special abilities


You were on level 4 of the Dungeon.
You were not hungry.

You visited 1 branch of the dungeon, and saw 4 of its levels.

You collected 159 gold pieces.

Inventory:

Hand Weapons
 a - a +0 war axe
 e - a +2 dagger of venom (weapon)
 i - a +2 rapier of draining
Armour
 b - a +0 scale mail (worn)
 c - a +0 shield (worn)
 k - a +0 pair of gloves (worn)
Jewellery
 n - a +3 ring of dexterity (left hand)
Wands
 l - a wand of digging (2)
Scrolls
 g - a scroll of identify {unknown}
Potions
 h - a potion of mutation {unknown}
 j - 2 potions of haste {unknown}
 m - 2 potions of degeneration {unknown}
 o - a potion of lignification {unknown}
 p - a potion of berserk rage {unknown}
Comestibles
 f - 4 rations


   Skills:
 + Level 3.5 Fighting
 + Level 2.6 Short Blades
 + Level 1.9 Axes
 + Level 3.4 Armour
 + Level 1.1 Dodging
 + Level 0.8 Stealth
 + Level 3.4 Shields


You had 5 spell levels left.
You didn't know any spells.
Your spell library was empty.

Dungeon Overview and Level Annotations

Branches:
Dungeon (4/15)
 Temple: D:4-7

Altars:
Ashenzari


Innate Abilities, Weirdness & Mutations

You have extremely sharp teeth.
Your natural rate of healing is unusually fast.
When hurt, damage is shared between your health and your magic reserves.
Your bite disrupts and absorbs the magic of your enemies.
Potions cannot restore your health.
You are immune to rotting.


Message History

The worker ant poisons you!
You struggle against the net.
You feel sick.
The gnoll hits you from afar with a +0 halberd.
The worker ant bites you.
You are lethally poisoned!
The worker ant poisons you!
You feel very mighty all of a sudden.
* * * LOW HITPOINT WARNING * * *
You feel sick. The worker ant bites you.
* * * LOW HITPOINT WARNING * * *
The gnoll hits you but does no damage. The gnoll hits you.
* * * LOW HITPOINT WARNING * * *
You struggle against the net.
* * * LOW HITPOINT WARNING * * *
You feel sick. The worker ant barely misses you.
The gnoll hits you from afar with a +0 halberd.
* * * LOW HITPOINT WARNING * * *
The gnoll hits you but does no damage.
You rip the net and break free!
You die...

#########
#.......#######
........##....########
........##............
..............<....#
.?..............a..#
...........#!$.@gg.#
...........+.......$...
..#.####...###.########
..#+####...# #.#
..>........# #.#
...........# #.#
...........# #.#
...........###.#
...........<...#


You could see a worker ant and 2 gnolls.

Vanquished Creatures
  2 orc priests
  2 orc wizards (D:3)
  4 gnolls
  4 adders
  A worm (D:3)
  3 dart slugs
  3 leopard geckos
  6 orcs
  A bat (D:1)
  2 giant cockroaches (D:2)
  4 goblins
  10 hobgoblins
  6 jackals
  4 kobolds
  2 quokkas
  2 frilled lizards
  A quokka skeleton (D:2)
  4 rats
61 creatures vanquished.

Notes
Turn   | Place    | Note
-------+----------+-------------------------------------------
     0 | D:1      | frenix the Vine Stalker Fighter began the quest for the
                  | Orb.
     0 | D:1      | Reached XP level 1. HP: 11/11 MP: 2/2
   144 | D:1      | Found a shattered altar of Ashenzari.
   164 | D:1      | Reached XP level 2. HP: 16/16 MP: 3/3
  1043 | D:2      | Reached XP level 3. HP: 19/20 MP: 2/4
  1503 | D:2      | Gained mutation: Your natural rate of healing is unusually
                  | fast. [Vine Stalker growth]
  1503 | D:2      | Reached XP level 4. HP: 19/24 MP: 5/5
  1616 | D:3      | Reached skill level 1 in Short Blades
  2202 | D:3      | Reached XP level 5. HP: 20/28 MP: 4/6
  2515 | D:4      | Reached skill level 1 in Dodging
  2515 | D:4      | Reached XP level 6. HP: 29/32 MP: 7/7
  2561 | D:4      | HP: 1/32 [gnoll/+0 halberd (1)]
  2562 | D:4      | Succumbed to a worker ant's poison

Levels and vault maps discovered:
D:1:      minmay_arrival_four_loops, layout_loops_corners, ashenzari_altar_1
D:2:      layout_basic, minmay_quantized
D:3:      minmay_angry_zag, layout_basic
D:4:      layout_basic, minmay_temple_entry_sparse_star,
          cheibrodos_sewer_entry_bend

Skill      XL: |  1  2  3  4  5 |
---------------+----------------+-----
Fighting       | 3 |  3.5
Shields        | 3 |  3.4
Short Blades   | 1 2 |  2.6
Armour         | 3 |  3.4
Dodging        | 1 |  1.1
Axes           | |  1.9
Stealth        | |  0.8

Action                   |  1- 3 |  4- 6 || total
-------------------------+-------+-------++-------
Melee: Dagger            |    81 |    89 ||   170
       Bite              |    24 |    35 ||    59
       War axe           |     1 |       ||     1
  Use: Scroll            |     1 |       ||     1
       Potion            |       |     1 ||     1
  Eat: Chunk             |     2 |     3 ||     5
Armor: Scale mail        |    21 |    27 ||    48
Dodge: Dodged            |    26 |    26 ||    52
Block: Shield            |    31 |    31 ||    62

Table legend:
 A = Non-vault XP
 B = Vault XP
 C = Vault XP percentage of total XP
 D = Non-vault monster count
 E = Vault monster count
 F = Vault count percentage of total count
                 A         B        C        D         E       F
            +---------+---------+-------+---------+---------+-------
      Total |     355 |      24 |   6.3 |      55 |       6 |   9.8
            +---------+---------+-------+---------+---------+-------
        D:1 |      27 |       0 |   0.0 |      13 |       0 |   0.0
        D:2 |      52 |       6 |  10.3 |      15 |       4 |  21.1
        D:3 |     206 |      18 |   8.0 |      19 |       2 |   9.5
        D:4 |      70 |       0 |   0.0 |       8 |       0 |   0.0
            +---------+---------+-------+---------+---------+-------
